 Dungeon Crawl Stone Soup version 0.25-a0-697-g890751e744 (webtiles) character file.

Game seed: 5830717084448493559, levelgen mode: deterministic

14631 Flugslaktarn the Cleaver (level 11, -12/103 HPs)
             Began as a Deep Dwarf Fighter on Apr 1, 2020.
             Was a Priest of Makhleb.
             Killed from afar by Azrael (53 damage)
             ... with damnation
             ... on level 12 of the Dungeon.
             The game lasted 00:05:55 (7363 turns).

Flugslaktarn the Cleaver (Deep Dwarf Fighter)       Turns: 7363, Time: 00:05:55

Health: -12/103    AC: 21    Str: 26    XL:     11   Next: 91%
Magic:  8/8        EV:  6    Int: 10    God:    Makhleb [***...]
Gold:   457        SH: 16    Dex: 12    Spells: 10/10 levels left

rFire    . . .     SeeInvis .   a - +1 broad axe
rCold    . . .     Gourm    .   c - +0 kite shield
rNeg     . . .     Faith    .   I - +0 plate armour
rPois    .         Spirit   .   i - +2 helmet
rElec    .         Reflect  +   (no cloak)
rCorr    .         Harm     .   u - +2 pair of gloves
MR       ++...                  (no boots)
Stlth    ..........             o - +4 amulet of reflection
HPRegen  0.00/turn              m - ring of protection from magic
MPRegen  0.11/turn              A - +4 ring of strength

@: non-regenerating
A: damage resistance, heal wounds, sense surroundings 2, no regeneration
a: Heal Wounds, Minor Destruction, Lesser Servant of Makhleb, Renounce Religion


You were on level 12 of the Dungeon.
You worshipped Makhleb.
Makhleb was most pleased with you.
You were not hungry.

You visited 2 branches of the dungeon, and saw 13 of its levels.
You also visited: Sewer.

You collected 542 gold pieces.
You spent 85 gold pieces at shops.

Inventory:

Hand Weapons
 a - a +1 broad axe (weapon)
   (You found it on level 7 of the Dungeon)
 b - a +0 hand axe of flaming
   (You took it off a big kobold on level 8 of the Dungeon)
Armour
 c - a +0 kite shield (worn)
 i - a +2 helmet (worn)
   (You took it off Robin on level 4 of the Dungeon)
 u - a +2 pair of gloves (worn)
   (You bought it in a shop on level 7 of the Dungeon)
 I - a +0 plate armour (worn)
   (You found it on level 8 of the Dungeon)
Jewellery
 m - a ring of protection from magic (left hand)
   (You found it on level 1 of the Dungeon)
 o - a +4 amulet of reflection (around neck)
   (You found it on level 12 of the Dungeon)
 p - an uncursed amulet of the acrobat
   (You found it on level 4 of the Dungeon)
 v - a +1 ring of evasion
   (You found it on level 7 of the Dungeon)
 A - a +4 ring of strength (right hand)
   (You found it on level 5 of the Dungeon)
Wands
 y - a wand of paralysis (6)
   (You found it on level 5 of the Dungeon)
 J - a wand of enslavement (18)
   (You found it on level 9 of the Dungeon)
Scrolls
 g - a scroll of fear
 r - a scroll of identify
 s - 3 scrolls of magic mapping
 t - 8 scrolls of teleportation
 x - 5 scrolls of remove curse
 z - a scroll of blinking
 G - a scroll of fog
 H - a scroll of enchant armour
Potions
 d - 6 potions of might
 f - a potion of ambrosia
 h - 4 potions of haste
 j - a potion of flight
 l - 3 potions of brilliance
 n - a potion of resistance
 q - 10 potions of curing
 w - 7 potions of heal wounds
 B - a potion of mutation {unknown}
 C - 4 potions of magic
 D - 2 potions of cancellation
 E - 3 potions of stabbing
Comestibles
 e - 27 rations
 k - 9 chunks of flesh


   Skills:
 + Level 8.0 Fighting
 * Level 12.5 Axes
 + Level 9.6 Armour
 + Level 9.5 Shields
 + Level 9.0 Invocations


You had 10 spell levels left.
You didn't know any spells.
Your spell library was empty.

Dungeon Overview and Level Annotations

Branches:
Dungeon (12/15)            Temple (1/1) D:7            Lair (0/6) D:11
    Orc (0/2) D:11          Sewer (visited)

Altars:
Ashenzari
Cheibriados
Dithmenos
Elyvilon
Fedhas
Gozag
Kikubaaqudgha
Makhleb
Nemelex Xobeh
Okawaru
Qazlal
Ru
Sif Muna
Trog
Uskayaw
Vehumet
Wu Jian
Xom
Yredelemnul
Zin
The Shining One
Lugonu

Shops:
D:7 *[

Annotations:
D:5 1 runed translucent door, olaf's ghost, novice GnCj
D:8 5 runed translucent doors
D:12 Azrael


Innate Abilities, Weirdness & Mutations

You are resistant to damage.
You can heal yourself by infusing magical energy.
You passively map the area around you.
You do not regenerate.


Message History

Azrael burns you.
You hit Azrael but do no damage.
Azrael is moderately wounded.
You block Azrael's attack.
You completely miss Azrael.
Azrael is moderately wounded.
You block Azrael's attack.
You slash Azrael!
Azrael is heavily wounded.
You hit Azrael but do no damage.
Azrael is heavily wounded.
Azrael gestures at you.
The fireball explodes!
The fireball engulfs you!!!
The fireball engulfs Azrael.
Azrael completely resists.
Your plate armour prevents you from hitting Azrael.
Azrael is heavily wounded.
Azrael gestures at you.
The sphere of damnation explodes!
The damnation engulfs you!!!
Ouch! That really hurt!
You die...

............. ° *
.....................#..,
.......................
......................####
##........................ *
* .#..............○.......>.,
, .#..............
○R.......** ,
...............R##)☼...... ,
......###.#.....@#○E......, *
..../########.#..†#.......
..#..#..#..#..##..##......*,*
..##.......##.###.##....##
........#.............###
...####.#.......##.....# ...*
#..........# #..^## ..,
,#.....#....# ....# ..
#............ .....#


You could see Azrael.

Vanquished Creatures
  Josephine (D:12)
  A hydra (D:8)
  2 two-headed ogres
  Sonja (D:12)
  A cyclops (D:12)
  A manticore (D:11)
  A centaur zombie (D:11)
  3 trolls
  2 hippogriffs (D:8)
  2 dream sheep (D:8)
  5 yaks
  Sigmund (D:5)
  A wyvern (D:10)
  6 wraiths (D:12)
  Eustachio (D:6)
  A hungry ghost (D:7)
  A fire elemental (D:12)
  Menkaure (D:7)
  Duvessa (D:5)
  4 hell hounds (D:12)
  An ice beast (D:12)
  2 orc warriors
  2 black bears
  4 phantoms
  An eye of draining (D:10)
  8 ogres
  6 centaurs
  9 bullfrogs
  5 big kobolds
  Blork the orc (D:5)
  Dowan (D:5)
  A wyvern skeleton (D:12)
  4 howler monkeys
  2 crimson imps
  A quasit (D:7)
  2 bullfrog zombies (D:11)
  4 jellies
  An orc priest (D:10)
  3 centaur skeletons
  5 hounds
  3 orc wizards
  2 bullfrog skeletons
  An iguana (D:10)
  Ijyb (D:5)
  3 worker ants
  2 hound zombies
  Robin (D:4)
  A howler monkey skeleton (D:9)
  13 adders
  2 river rats (Sewer)
  2 shadow imps
  2 oozes
  2 adder zombies
  A worm (D:6)
  2 dart slugs (D:1)
  9 leopard geckos
  12 orcs
  6 giant cockroaches
  10 goblins
  6 hobgoblins
  14 jackals
  6 quokkas
  14 ball pythons (Sewer)
  7 bats
  4 frilled lizards
  10 kobolds
  A quokka zombie (D:6)
  29 rats
266 creatures vanquished.

Vanquished Creatures (others)
  Nessos (D:12)
  Fannar (D:12)
  A wizard (D:9)
  An orc (D:12)
4 creatures vanquished.

Grand Total: 270 creatures vanquished

Notes
Turn   | Place    | Note
-------+----------+-------------------------------------------
     0 | D:1      | Flugslaktarn the Deep Dwarf Fighter began the quest for the
                  | Orb.
     0 | D:1      | Reached XP level 1. HP: 20/20 MP: 1/1
    59 | D:1      | Reached XP level 2. HP: 20/27 MP: 2/2
   271 | D:1      | Reached skill level 3 in Axes
   273 | D:1      | Reached XP level 3. HP: 30/33 MP: 2/2
   659 | D:4      | Noticed Robin
   668 | D:4      | Killed Robin
   668 | D:4      | Reached XP level 4. HP: 30/42 MP: 3/3
   726 | D:4      | Noticed a phantom
   760 | D:4      | Killed a phantom
   760 | D:4      | Reached skill level 4 in Axes
   760 | D:4      | Reached XP level 5. HP: 43/49 MP: 4/4
   970 | D:4      | Found a glowing drain,
  1069 | D:4      | Reached XP level 6. HP: 48/57 MP: 5/5
  1080 | Sewer    | Entered a sewer
  1333 | Sewer    | Reached skill level 5 in Axes
  1462 | D:4      | Reached XP level 7. HP: 21/64 MP: 5/5
  1557 | D:5      | Entered Level 5 of the Dungeon
  1665 | D:5      | Noticed Duvessa
  1665 | D:5      | Noticed Dowan
  1685 | D:5      | Killed Duvessa
  1685 | D:5      | Reached skill level 5 in Armour
  1685 | D:5      | Reached skill level 5 in Shields
  1722 | D:5      | Killed Dowan
  1722 | D:5      | Reached skill level 6 in Axes
  1730 | D:5      | Noticed Blork the orc
  1741 | D:5      | Killed Blork the orc
  1808 | D:5      | Noticed Sigmund
  1826 | D:5      | Killed Sigmund
  1932 | D:5      | Found a runed translucent door,
  1933 | D:5      | Noticed olaf's ghost (novice GnCj)
  2027 | D:5      | Reached XP level 8. HP: 47/73 MP: 6/6
  2065 | D:5      | Noticed Ijyb
  2081 | D:5      | Killed Ijyb
  2233 | D:5      | Found a sacrificial altar of Ru,
  2233 | D:5      | Found a shimmering altar of Xom,
  2240 | D:5      | Found a snail-covered altar of Cheibriados,
  2240 | D:5      | Found a shattered altar of Ashenzari,
  2388 | D:6      | Reached skill level 7 in Axes
  2421 | D:6      | You fall into a shaft and drop 1 floor!
  2537 | D:7      | Found a staircase to the Ecumenical Temple,
  2549 | Temple   | Entered the Ecumenical Temple
  2685 | Temple   | Became a worshipper of Makhleb the Destroyer
  2747 | D:7      | Found Zin's Purification Station,
  2752 | D:7      | Found a glowing silver altar of Zin,
  2843 | D:7      | Reached skill level 1 in Invocations
  2858 | D:7      | Reached skill level 5 in Fighting
  2908 | D:7      | Found Hafuyde's Antique Armour Shop,
  2923 | D:7      | Bought a pair of gloves for 85 gold pieces
  2944 | D:7      | Noticed Menkaure
  2952 | D:7      | Killed Menkaure
  3110 | D:6      | Noticed Eustachio
  3145 | D:6      | Killed Eustachio
  3145 | D:6      | Reached skill level 8 in Axes
  3885 | D:7      | Gained mutation: You passively map the area around you.
                  | [Deep Dwarf growth]
  3885 | D:7      | Reached XP level 9. HP: 73/81 MP: 6/6
  4095 | D:8      | Found a runed translucent gate,
  4189 | D:8      | Reached * piety under Makhleb
  4196 | D:8      | Reached skill level 9 in Axes
  4226 | D:8      | Noticed a three-headed hydra
  4236 | D:8      | Killed a one-headed hydra
  4236 | D:8      | Reached skill level 5 in Invocations
  4419 | D:8      | Reached XP level 10. HP: 52/91 MP: 7/7
  4523 | D:8      | Found the +9 staff of Olgreb {rPois∞}
  4524 | D:8      | Found a runed translucent door,
  4536 | D:8      | Reached skill level 10 in Axes
  4549 | D:8      | Found a runed translucent gate,
  4555 | D:8      | Found a runed translucent gate,
  4570 | D:8      | Found a runed translucent door,
  5279 | D:9      | Reached ** piety under Makhleb
  5707 | D:9      | Found a bloodstained altar of Trog,
  5709 | D:9      | Noticed a wizard
  5714 | D:9      | Killed a wizard
  5779 | D:10     | Entered Level 10 of the Dungeon
  6298 | D:11     | Noticed a two-headed ogre
  6307 | D:11     | Killed a two-headed ogre
  6307 | D:11     | Reached skill level 11 in Axes
  6442 | D:11     | Reached *** piety under Makhleb
  6442 | D:11     | Reached XP level 11. HP: 100/100 MP: 9/9
  6452 | D:11     | Found a staircase to the Orcish Mines,
  6593 | D:11     | Found a staircase to the Lair,
  7009 | D:12     | Found a corrupted altar of Lugonu,
  7014 | D:12     | Noticed Sonja
  7098 | D:12     | Killed Sonja
  7166 | D:12     | Noticed Josephine
  7179 | D:12     | Noticed Fannar
  7210 | D:12     | Noticed Nessos
  7215 | D:12     | Noticed a two-headed ogre
  7216 | D:12     | Killed Nessos
  7216 | D:12     | Reached skill level 12 in Axes
  7222 | D:12     | Killed a two-headed ogre
  7231 | D:12     | Killed Josephine
  7257 | D:12     | Killed Fannar
  7324 | D:12     | Noticed Azrael
  7363 | D:12     | Killed from afar by Azrael

Levels and vault maps discovered:
D:1:      dpeg_arrival_rooms_a, layout_basic, minmay_stone_trees_small
D:2:      layout_basic, marbit_many_paths, first_ration
D:3:      layout_basic
D:4:      minmay_chambers_of_threes, layout_cave_pools, gup_sewer_entry_glass,
          uniq_robin
D:5:      layout_basic, grunt_temple_overflow_open,
          ebering_ghost_reflecting_pool, serial_rivers,
          chequers_serial_rivers_micro_d, chequers_serial_rivers_small_3,
          chequers_serial_rivers_micro_b, chequers_serial_rivers_small_3,
          uniq_blork_the_orc, uniq_ijyb, uniq_sigmund, uniq_duvessa
D:6:      layout_basic, uniq_eustachio
D:7:      layout_layer_cave, zin_purify, minmay_temple_entry_gardened_gates,
          serial_glass, glass_columns_c, glass_columns_a, glass_columns_b,
          glass_columns_a, due_unseen_surprise, minmay_strange_pillars,
          minmay_strange_pillars, serial_shops, shop, uniq_menkaure
D:8:      layout_basic, hangedman_ranch [blue_anna_fruit_fields],
          minmay_guarded_unrand_staff_of_olgreb
D:9:      layout_long_grid, trog_wizard
D:10:     layout_rooms
D:11:     layout_basic, lair_entry_dummy, orc_0_dummy, grunt_ministairs_6
D:12:     layout_cave_pools, tgw_lugonu_bribe, uniq_azrael, uniq_josephine,
          uniq_sonja, uniq_nessos, uniq_fannar
Temple:   eino_temple_scatter_basement

Skill      XL: |  1  2  3  4  5  6  7  8  9 10 11 |
---------------+----------------------------------+-----
Axes           | 3 4 5 6 8 9 11 12 | 12.5
Fighting       | 3 4 5 6 7 8 |  8.0
Shields        | 4 5 6 7 8 9 |  9.5
Armour         | 4 5 6 7 8 9 |  9.6
Invocations    | 3 5 7 9 |  9.0

Action                   |  1- 3 |  4- 6 |  7- 9 | 10-12 || total
-------------------------+-------+-------+-------+-------++-------
Melee: War axe           |   106 |   173 |   111 |       ||   390
       Broad axe         |       |       |   175 |   382 ||   557
       Hand axe          |       |       |     7 |       ||     7
 Abil: Heal Wounds       |     1 |     3 |    10 |    16 ||    30
Evoke: Wand              |       |       |       |     1 ||     1
  Use: Scroll            |       |    11 |     4 |     9 ||    24
       Potion            |       |       |       |     2 ||     2
 Stab: Paralysed         |       |       |       |     3 ||     3
  Eat: Chunk             |       |     3 |    10 |    10 ||    23
       Ration            |       |       |     2 |       ||     2
Armor: Scale mail        |    65 |   111 |     1 |       ||   177
       Chain mail        |       |       |   179 |    28 ||   207
       Plate armour      |       |       |       |   240 ||   240
Dodge: Dodged            |    51 |    78 |   102 |   130 ||   361
Block: Kite shield       |    79 |   128 |   155 |   315 ||   677
       Reflection        |       |       |       |     5 ||     5

Table legend:
 A = Non-vault XP
 B = Vault XP
 C = Vault XP percentage of total XP
 D = Non-vault monster count
 E = Vault monster count
 F = Vault count percentage of total count
                 A         B        C        D         E       F
            +---------+---------+-------+---------+---------+-------
      Total |   10680 |   10222 |  48.9 |     166 |     102 |  38.1
            +---------+---------+-------+---------+---------+-------
        D:1 |      44 |       0 |   0.0 |      24 |       0 |   0.0
        D:2 |       5 |       0 |   0.0 |       3 |       0 |   0.0
        D:3 |       9 |       0 |   0.0 |       7 |       0 |   0.0
        D:4 |     208 |     249 |  54.5 |       7 |      23 |  76.7
        D:5 |     138 |     586 |  80.9 |       5 |       5 |  50.0
        D:6 |     370 |     191 |  34.0 |      11 |       1 |   8.3
        D:7 |     532 |     183 |  25.6 |      13 |       1 |   7.1
        D:8 |    1711 |    2232 |  56.6 |      27 |       8 |  22.9
        D:9 |     451 |       0 |   0.0 |       9 |       0 |   0.0
       D:10 |    1121 |       0 |   0.0 |      22 |       0 |   0.0
       D:11 |    2674 |     912 |  25.4 |      17 |       2 |  10.5
       D:12 |    3417 |    5563 |  61.9 |      21 |      14 |  40.0
      Sewer |       0 |     306 | 100.0 |       0 |      48 | 100.0
            +---------+---------+-------+---------+---------+-------
